 Dungeon Crawl Stone Soup version 0.27-a0-277-g024f7ef292 (webtiles) character file.

Game seed: 3098900874505419085

26771 Nattfarinn the Transmogrifier (level 13, -2/111 (113) HPs)
             Began as a White Draconian Conjurer on Feb 7, 2021.
             Was a High Priest of Vehumet.
             Slain by an orange demon (3 damage)
             ... summoned by an orc high priest
             ... on level 2 of the Orcish Mines.
             The game lasted 01:11:01 (21100 turns).

Nattfarinn the Transmogrifier (DrCj)               Turns: 21100, Time: 01:11:02

HP:   -2/111 (113)  AC: 18    Str:  9    XL:     13   Next: 0%
MP:   16/22         EV: 13    Int: 25    God:    Vehumet [*****.]
Gold: 1313          SH:  0    Dex:  9    Spells: 3/24 levels left

rFire    . . .     SeeInvis .   M - staff of conjuration
rCold    + . .     Faith    .   (no shield)
rNeg     . . .     Spirit   .   (armour unavailable)
rPois    .         Reflect  .   (helmet restricted)
rElec    .         Harm     .   (no cloak)
rCorr    .         Rampage  .   A - +0 pair of gloves
Will     .....                  a - +0 pair of boots
Stlth    ++........             p - amulet of magic regeneration
HPRegen  0.28/turn              n - +4 ring of protection
MPRegen  0.43/turn              r - +4 ring of protection

@: lethally poisoned (-2 -> -13), lightly drained
A: breathe frost, unfitting armour, cold resistance 1, cold-blooded, AC +8
a: Breathe Frost, Renounce Religion


You were on level 2 of the Orcish Mines.
You worshipped Vehumet.
Vehumet was extremely pleased with you.
You visited 3 branches of the dungeon, and saw 15 of its levels.
You also visited: Bailey.

You collected 1537 gold pieces.
You spent 224 gold pieces at shops.

Inventory:

Hand Weapons
 v - a +3 short sword
Missiles
 c - 43 poisoned darts (quivered)
Armour
 a - a +0 pair of boots (worn)
 A - a +0 pair of gloves (worn)
Magical Staves
 m - an uncursed staff of fire
 M - an uncursed staff of conjuration (weapon)
Jewellery
 n - a +4 ring of protection (left hand)
 p - an amulet of magic regeneration (around neck)
 r - a +4 ring of protection (right hand)
 u - an uncursed ring of flight {unknown}
 w - an uncursed ring of positive energy
 G - an uncursed ring of protection from fire {unknown}
 I - an uncursed amulet of faith {unknown}
Wands
 q - a wand of acid (6)
 s - a wand of random effects (12)
 E - a wand of polymorph (7)
 K - a wand of paralysis (16)
 P - a wand of charming (14)
Scrolls
 e - 5 scrolls of amnesia
 g - a scroll of enchant armour {unknown}
 h - 8 scrolls of teleportation
 i - 6 scrolls of remove curse
 l - 2 scrolls of fear {unknown}
 x - 5 scrolls of enchant weapon
 y - 2 scrolls of immolation {unknown}
 D - a scroll of noise {unknown}
 F - 5 scrolls of identify
 H - 3 scrolls of fog {unknown}
Potions
 b - 7 potions of flight
 d - 4 potions of lignification {unknown}
 j - a potion of heal wounds
 k - 5 potions of curing
 o - a potion of invisibility {unknown}
 t - 3 potions of ambrosia {unknown}
 z - 2 potions of berserk rage {unknown}
 B - a potion of haste {unknown}
 C - 2 potions of cancellation {unknown}
 J - 2 potions of brilliance {unknown}
 L - a potion of degeneration {unknown}
 N - a potion of magic {unknown}
 O - 3 potions of attraction {unknown}


   Skills:
 - Level 10.0 Fighting
 - Level 4.8 Dodging
 - Level 1.7 Stealth
 - Level 6.0 Spellcasting
 - Level 12.0 Conjurations
 * Level 14.2 Transmutations


You had 3 spell levels left.
You knew the following spells:

 Your Spells              Type           Power        Failure   Level
a - Magic Dart            Conj           100%         1%          1
b - Searing Ray           Conj           100%         1%          2
c - Irradiate             Conj/Tmut      41%          1%          5
d - Hydra Form            Tmut           34%          3%          6
e - Dragon Form           Tmut           34%          19%         7

Your spell library contained the following spells:

 Spells                   Type           Power        Failure   Level
 Yara's Violent Unravell  Hex/Tmut       21%          3%          5
 Beastly Appendage        Tmut           100%         1%          1
 Sting                    Tmut/Pois      100%         1%          1
 Wereblood                Tmut           68%          1%          2
 Conjure Flame            Conj/Fire      54%          1%          3
 Dazzling Flash           Conj/Hex       100%         1%          3
 Mephitic Cloud           Conj/Pois/Air  41%          1%          3
 Spider Form              Tmut/Pois      21%          1%          3
 Stone Arrow              Conj/Erth      100%         1%          3
 Animate Skeleton         Necr           14%          8%          1
 Pain                     Necr           28%          8%          1
 Blink                    Tloc           N/A          11%         2
 Call Imp                 Summ           7%           11%         2
 Poisonous Vapours        Pois/Air       14%          11%         2
 Slow                     Hex            7%           11%         2
 Vampiric Draining        Necr           3%           22%         3
 Fulminant Prism          Conj/Hex       27%          1%          4
 Iskenderun's Mystic Bla  Conj/Tloc      54%          1%          4
 Sticky Flame             Conj/Fire      54%          1%          4
 Blade Hands              Tmut           34%          1%          5
 Ice Form                 Ice/Tmut       43%          4%          4
 Airstrike                Air            3%           19%         4
 Statue Form              Tmut/Erth      28%          52%         6
 Animate Dead             Necr           3%           58%         4
 Agony                    Necr           7%           90%         5
 Borgnjor's Vile Clutch   Necr/Erth      3%           90%         5


Dungeon Overview and Level Annotations

Branches:
Dungeon (12/15)            Temple (1/1) D:7            Lair (0/6) D:11
    Orc (2/2) D:12            Elf (0/3) Orc:2        Bailey (visited)

Altars:
Ashenzari
Cheibriados
Dithmenos
Elyvilon
Fedhas
Gozag
Hepliaklqana
Kikubaaqudgha
Makhleb
Nemelex Xobeh
Okawaru
Qazlal
Ru
Sif Muna
Trog
Uskayaw
Vehumet
Wu Jian
Xom
Yredelemnul
Zin
The Shining One
Beogh

Shops:
D:6 ?   D:9 *!((=

Annotations:
D:6 1 runed translucent door, Crazy Yiuf


Innate Abilities, Weirdness & Mutations

You can breathe waves of freezing cold.
You can buffet flying creatures when you breathe cold.
Your icy white scales are hard. (AC +8)
You cannot fit into any form of body armour.
Your flesh is cold resistant. (rC+)
You are cold-blooded and may be slowed by cold attacks.


Message History

The orc high priest is almost dead. (Press . to maintain the ray.)
You feel sick. The sun demon hits you!
* * * LOW HITPOINT WARNING * * *
You are engulfed in flames!
* * * LOW HITPOINT WARNING * * *
The orc high priest mumbles some strange prayers to Beogh.
The orc high priest is healed somewhat.
The red devil hits you but does no damage.
The orange demon misses you.
Unknown command.
You feel much better.
You feel sick. The sun demon hits you!
* * * LOW HITPOINT WARNING * * *
You are engulfed in flames!
* * * LOW HITPOINT WARNING * * *
The orc high priest hits you but does no damage.
The red devil hits you from afar with a +0 trident!
* * * LOW HITPOINT WARNING * * *
The orange demon stings you from afar.
You die...

############# ##
o.oo......... ##.##
...oo.o....... #@..#
..oo{..........#3.##
......o........44o#
.....o.............#
..#...........).....#
............)........#
......................#
............##
.........#.##


You could see an orc high priest, a sun demon (summoned), an orange demon
(summoned) and a red devil (summoned).

Vanquished Creatures
  An orc warlord (Orc:2)
  2 hydras (D:12)
  Fannar (Orc:1)
  A boulder beetle (D:12)
  A two-headed ogre (D:8)
  A tengu warrior (D:12)
  4 orc knights
  A cyclops (D:12)
  A manticore (D:11)
  A gargoyle (D:11)
  Joseph (D:7)
  Maggie (D:6)
  3 kobold demonologists
  A komodo dragon (D:11)
  Grinder (D:4)
  A troll (D:9)
  2 hornets
  Sigmund (D:4)
  12 yaks
  3 wraiths
  A shadow (D:12)
  A wyvern (D:12)
  2 steam dragons (D:10)
  Menkaure (D:5)
  Edmund (D:5)
  9 wargs
  A soldier ant (D:11)
  3 water moccasins (D:11)
  36 orc warriors
  A hornet zombie (D:10)
  3 sky beasts (D:11)
  9 ice beasts
  4 black bears
  An eye of draining (D:10)
  9 ogres
  4 phantoms
  13 centaurs
  3 big kobolds
  8 bullfrogs
  Blork the orc (D:6)
  2 wyvern skeletons
  A water moccasin skeleton (D:4)
  A scorpion (D:7)
  9 killer bees
  5 electric eels
  11 wights
  2 howler monkeys
  A lava snake (D:11)
  A bullfrog zombie (D:12)
  3 jellies
  2 centaur skeletons
  13 orc priests
  A centaur zombie (D:5)
  6 hounds
  2 bullfrog skeletons (D:12)
  2 gnoll shamans
  9 iguanas
  24 orc wizards
  11 worker ants
  Natasha (thrice) (D:3)
  A hound skeleton (D:10)
  2 hound zombies (D:11)
  A howler monkey zombie (D:11)
  A worker ant zombie (D:7)
  Robin (D:2)
  15 gnolls
  11 adders
  3 shadow imps
  2 white imps
  An ufetubus (D:6)
  An adder zombie (D:9)
  5 worms
  A dart slug (D:2)
  6 leopard geckos
  87 orcs
  5 giant cockroaches
  23 goblins
  18 hobgoblins
  5 jackals
  7 quokkas
  5 ball pythons
  5 bats
  4 frilled lizards
  A giant cockroach zombie (D:5)
  A jackal zombie (D:7)
  18 kobolds
  2 leopard gecko skeletons
  A quokka skeleton (D:5)
  28 rats
521 creatures vanquished.

Vanquished Creatures (others)
  An orc (Orc:2)
  48 fungi (D:11)
  52 plants
101 creatures vanquished.

Grand Total: 622 creatures vanquished

Notes
Turn   | Place    | Note
-------+----------+-------------------------------------------
     0 | D:1      | Nattfarinn the Draconian Conjurer began the quest for the
                  | Orb.
     0 | D:1      | Reached XP level 1. HP: 14/14 MP: 3/3
   411 | D:1      | Reached XP level 2. HP: 9/20 MP: 0/5
   594 | D:1      | Learned a level 2 spell: Searing Ray
  1471 | D:2      | Reached XP level 3. HP: 19/26 MP: 4/6
  1601 | D:2      | Noticed Robin
  2449 | D:2      | Killed Robin
  2450 | D:2      | Reached skill level 5 in Conjurations
  2727 | D:2      | Reached XP level 4. HP: 23/33 MP: 5/8
  3365 | D:3      | Reached XP level 5. HP: 38/38 MP: 5/9
  4017 | D:3      | Noticed an ice beast
  4027 | D:3      | Killed an ice beast
  4028 | D:3      | Reached XP level 6. HP: 35/45 MP: 5/11
  4095 | D:3      | Noticed Natasha
  4100 | D:3      | Killed Natasha
  4175 | D:3      | Found an opulent altar of Gozag.
  4339 | D:3      | Found a bloodstained altar of Trog.
  4418 | D:3      | Noticed Natasha
  4426 | D:3      | Killed Natasha
  4726 | D:3      | Noticed Natasha
  4730 | D:3      | Killed Natasha
  4978 | D:4      | Your scales start taking on an icy white colour.
  4978 | D:4      | Reached XP level 7. HP: 50/50 MP: 9/13
  4978 | D:4      | Gained mutation: Your flesh is cold resistant. (rC+) [White
                  | Draconian growth]
  5447 | D:4      | Noticed Grinder
  5472 | D:4      | Paralysed by Grinder for 3 turns
  5485 | D:4      | Killed Grinder
  5486 | D:4      | Reached skill level 5 in Spellcasting
  5941 | D:4      | Reached XP level 8. HP: 57/57 MP: 10/15
  6014 | D:4      | Noticed Sigmund
  6023 | D:4      | Killed Sigmund
  6426 | D:5      | Entered Level 5 of the Dungeon
  6474 | D:5      | Noticed Menkaure
  6495 | D:5      | Killed Menkaure
  6943 | D:5      | Noticed Edmund
  6953 | D:5      | Killed Edmund
  7204 | D:5      | Found a white marble altar of Elyvilon.
  7245 | D:5      | Found a burning altar of Makhleb.
  7615 | D:6      | Reached XP level 9. HP: 72/72 MP: 15/18
  7651 | D:6      | Reached skill level 5 in Fighting
  7912 | D:6      | Noticed Maggie
  7918 | D:6      | Killed Maggie
  7969 | D:6      | Found Pakhi's Magic Scroll Shoppe.
  7973 | D:6      | Bought a scroll of blinking for 112 gold pieces
  7973 | D:6      | Bought a scroll of enchant weapon for 112 gold pieces
  8107 | D:6      | Found a runed translucent door.
  8108 | D:6      | Noticed Crazy Yiuf
  8170 | D:6      | Noticed Blork the orc
  8175 | D:6      | Killed Blork the orc
  8740 | D:7      | Found a staircase to the Ecumenical Temple.
  8758 | D:7      | Noticed Joseph
  8762 | Temple   | Entered the Ecumenical Temple
  8986 | Temple   | Became a worshipper of Vehumet
  9153 | D:7      | Killed Joseph
  9154 | D:7      | Reached skill level 10 in Fighting
  9763 | D:7      | Found a shimmering blue altar of Sif Muna.
  9763 | D:7      | Found a stormy altar of Qazlal.
  9810 | D:8      | Reached XP level 10. HP: 77/93 MP: 9/19
  9895 | D:8      | Reached skill level 10 in Conjurations
 10107 | D:8      | Noticed a two-headed ogre
 10118 | D:8      | Killed a two-headed ogre
 10519 | D:8      | Found a shadowy altar of Dithmenos.
 10595 | D:8      | Found a blossoming altar of Fedhas.
 10729 | D:9      | Found Desk's Antique Weapon Shop.
 11232 | D:9      | Reached * piety under Vehumet
 11232 | D:9      | Offered knowledge of Sandblast by Vehumet.
 11389 | D:9      | Found Yhuabo's Antique Weapon Shop.
 11414 | D:9      | Learned a level 5 spell: Irradiate
 11469 | D:9      | Reached skill level 1 in Transmutations
 11503 | D:9      | Found Eteow's General Store.
 11521 | D:9      | Reached skill level 2 in Transmutations
 11577 | D:9      | Found Tasomuxuo's Distillery.
 11803 | D:9      | Found Juky's Jewellery Shoppe.
 12139 | D:10     | Entered Level 10 of the Dungeon
 12171 | D:10     | Reached skill level 3 in Transmutations
 12240 | D:10     | Reached skill level 4 in Transmutations
 12455 | D:10     | Reached skill level 5 in Transmutations
 12615 | D:10     | Reached XP level 11. HP: 76/99 MP: 14/20
 12621 | D:10     | Reached skill level 6 in Transmutations
 12814 | D:10     | Offered knowledge of Shock by Vehumet.
 12814 | D:10     | Reached ** piety under Vehumet
 13121 | D:10     | Identified the Volume of Harmful Flight
 13195 | D:11     | Found a runed translucent door.
 13205 | D:11     | Reached skill level 7 in Transmutations
 13530 | D:11     | Offered knowledge of Static Discharge by Vehumet.
 13531 | D:11     | Reached skill level 8 in Transmutations
 13770 | D:11     | Found a staircase to the Lair.
 13828 | D:11     | Reached *** piety under Vehumet
 13858 | D:11     | Reached skill level 9 in Transmutations
 14250 | D:11     | Offered knowledge of Inner Flame by Vehumet.
 14257 | D:11     | Reached skill level 10 in Transmutations
 14559 | D:11     | Noticed an orc knight
 14578 | D:11     | Killed an orc knight
 14745 | D:11     | Noticed an orc knight
 14761 | D:11     | Killed an orc knight
 14956 | D:11     | Found a roughly hewn altar of Beogh.
 14963 | D:11     | Identified the Almanac of Cankerous Dark Rites
 14978 | D:11     | Learned a level 6 spell: Hydra Form
 15033 | D:12     | Found a staircase to the Orcish Mines.
 15035 | D:12     | Noticed an eight-headed hydra
 15062 | D:11     | Noticed a soul eater
 15063 | D:11     | Reached skill level 11 in Transmutations
 15168 | D:12     | Killed an eight-headed hydra
 15240 | D:12     | Found a flagged portal.
 15310 | Bailey   | Entered a bailey
 15402 | Bailey   | Noticed an orc knight
 15410 | Bailey   | Reached **** piety under Vehumet
 15423 | Bailey   | Killed an orc knight
 15424 | Bailey   | Reached XP level 12. HP: 59/106 MP: 9/21
 15613 | Bailey   | Found an iron altar of Okawaru.
 15655 | Bailey   | Offered knowledge of Lee's Rapid Deconstruction by Vehumet.
 16070 | Bailey   | Got an ancient cloak
 16080 | Bailey   | Identified the cursed +0 cloak "Qovu" {Harm Regen+ Int-4}
                  | (You found it in a bailey)
 16186 | Bailey   | Reached skill level 12 in Transmutations
 16215 | Bailey   | Acquired an uncursed staff of conjuration
 17031 | D:12     | Identified the +10 flail of Penofyst {vorpal, +Fly rN+
                  | Int-5 Dex+6} (You found it on level 12 of the Dungeon)
 17063 | D:12     | Noticed a boulder beetle
 17063 | D:12     | Noticed a tengu warrior
 17075 | D:12     | Killed a tengu warrior
 17075 | D:12     | Killed a boulder beetle
 17214 | D:12     | Reached ***** piety under Vehumet
 17214 | D:12     | Offered knowledge of Yara's Violent Unravelling by Vehumet.
 17296 | D:12     | Noticed a five-headed hydra
 17303 | D:12     | Killed a five-headed hydra
 17304 | D:12     | Reached skill level 13 in Transmutations
 17704 | Orc:1    | Entered Level 1 of the Orcish Mines
 17713 | Orc:1    | Noticed Fannar
 17724 | Orc:1    | Killed Fannar
 18150 | Orc:2    | Entered Level 2 of the Orcish Mines
 18150 | Orc:2    | Noticed an orc warlord
 18203 | Orc:1    | Learned a level 7 spell: Dragon Form
 19704 | Orc:2    | Killed an orc warlord
 20182 | Orc:2    | Found a staircase to the Elven Halls.
 20220 | Orc:2    | Found a roughly hewn altar of Beogh.
 20407 | Orc:2    | Reached skill level 14 in Transmutations
 20762 | Orc:2    | Reached XP level 13. HP: 49/110 MP: 16/22
 21095 | Orc:2    | HP: 4/111 [sun demon[an orc high priest] (16)]
 21100 | Orc:2    | HP: 1/111 [red devil/+0 trident[an orc high priest] (11)]
 21100 | Orc:2    | Slain by an orange demon

Illustrated notes

Levels and vault maps discovered:
D:1:      dpeg_arrival_shrine, layout_rooms, minmay_fountain_box, minmay_3d_cube
D:2:      layout_basic, uniq_robin
D:3:      layout_loops_ring, general_overflow_altar, trog_three_pillars_becter,
          uniq_natasha
D:4:      layout_basic, minmay_rat_hole, uniq_sigmund, uniq_grinder
D:5:      layout_basic, minitemple, uniq_menkaure, uniq_edmund
D:6:      layout_loops_ring, serial_shops, shop, nicolae_sextant,
          minmay_starry_boxes, uniq_crazy_yiuf_cottage, uniq_maggie,
          uniq_blork_the_orc
D:7:      layout_loops_cross, gammafunk_temple_overflow_wave,
          minmay_temple_entry_tees, uniq_joseph
D:8:      layout_rooms, fedhas_bush_and_centaur_altar, lemuel_round_altar,
          lemuel_flamethrower_2
D:9:      layout_basic, serial_shops, shop, shop,
          nicolae_shop_competitors_out_of_business, nicolae_shop_crystal,
          kennysheep_mini
D:10:     cheibrodos_steamvent, layout_irregular_city
D:11:     layout_roguey, due_lair_maze_entry_diamond, grunt_decor_junction,
          amcnicky_mini_rare_corridor_liquid, chequers_serial_rivers_micro_d,
          lightli_church_of_beogh
D:12:     layout_long_grid, minmay_orc_entry_guard_dogs, enter_bailey_4,
          minivault_24, serial_bayou_pond_c
Temple:   eino_wide_crystal_templ
Orc:1:    layout_diamond_mine, kennysheep_orc_chapel, uniq_fannar
Orc:2:    st_orc_pillars, layout_caves, basic_altar, nooodl_orcs_dogs

Skill      XL: |  1  2  3  4  5  6  7  8  9 10 11 12 |
---------------+-------------------------------------+-----
Conjurations   | 5 6 7 8 9 10 12 | 12.0
Spellcasting   | 3 4 5 6 |  6.0
Fighting       | 4 10 | 10.0
Dodging        | 2 4 |  4.8
Transmutations | 5 11 14 | 14.2
Stealth        | |  1.7

Action                   |  1- 3 |  4- 6 |  7- 9 | 10-12 | 13-15 || total
-------------------------+-------+-------+-------+-------+-------++-------
Melee: Unarmed           |    12 |       |       |    69 |       ||    81
       Dagger            |    87 |    86 |       |       |       ||   173
       Tailslap          |     7 |     8 |     8 |     9 |       ||    32
       Short sword       |       |       |   107 |    54 |       ||   161
       Staff             |       |       |       |    31 |       ||    31
       Bite              |       |       |       |     3 |       ||     3
Throw: Dart              |     3 |     2 |       |       |       ||     5
 Cast: Magic Dart        |    25 |    11 |    13 |    10 |       ||    59
       Searing Ray       |     8 |    27 |    62 |   200 |     8 ||   305
       Irradiate         |       |       |       |    36 |       ||    36
       Dragon Form       |       |       |       |     7 |       ||     7
       Hydra Form        |       |       |       |     1 |       ||     1
 Abil: Breathe Frost     |       |       |       |     5 |       ||     5
  Use: Scroll            |     3 |       |     4 |     4 |     2 ||    13
       Potion            |       |       |       |     1 |     6 ||     7
 Stab: Sleeping          |     3 |     6 |     2 |       |       ||    11
Armor: Skin              |    47 |    44 |    75 |   277 |     8 ||   451
Dodge: Dodged            |    90 |    70 |   105 |   346 |    17 ||   628

Table legend: (Time is in decaauts)
 A = Elapsed time spent in this place.
 B = Non-inter-level travel time spent in this place.
 C = Inter-level travel time spent in this place.
 D = Time resting spent in this place.
 E = Time spent auto-exploring this place.
 F = Levels seen in this place.
 G = Mean time per level.
                   A        B        C        D        E       F      G
               +--------+--------+--------+--------+--------+-----+--------+
         Total |  21169 |  20510 |    659 |   8966 |   8432 |  16 | 1323.1 |
       Dungeon |  15891 |  15350 |    541 |   5608 |   7326 |  12 | 1324.2 |
        Temple |    379 |    327 |     52 |    256 |     52 |   1 |  379.0 |
  Orcish Mines |   3376 |   3311 |     65 |   2214 |    693 |   2 | 1688.0 |
        Bailey |   1521 |   1521 |      0 |    888 |    361 |   1 | 1521.0 |
               +--------+--------+--------+--------+--------+-----+--------+

Top non-repeatable levels by time:
    D:11: 1959 daAuts
   Orc:1: 1915 daAuts
     D:1: 1746 daAuts
     D:4: 1660 daAuts
     D:3: 1604 daAuts
  Bailey: 1521 daAuts
   Orc:2: 1461 daAuts
     D:2: 1421 daAuts
     D:9: 1414 daAuts
     D:6: 1141 daAuts
    D:12: 1095 daAuts
     D:5: 1059 daAuts
    D:10: 1057 daAuts
     D:8: 928 daAuts
     D:7: 801 daAuts
